 Dungeon Crawl Stone Soup version 0.27-a0-1442-g87b6fcb595 (webtiles) character file.

Game seed: 5477962122297458494

5317 quinnr the Stormcaller (level 10, -1/50 HPs)
             Began as a Tengu Air Elementalist on July 5, 2021.
             Was a Believer of Vehumet.
             Slain by a meliai (7 damage)
             ... on level 9 of the Dungeon.
             The game lasted 00:34:31 (14409 turns).

quinnr the Stormcaller (Tengu Air Elementalist)    Turns: 14409, Time: 00:34:32

Health: -1/50      AC:  4    Str: 10    XL:     10   Next: 64%
Magic:  19/27      EV: 14    Int: 18    God:    Vehumet [**....]
Gold:   539        SH:  0    Dex: 14    Spells: 6/19 levels left

rFire    + + .     SeeInvis .   C - +5 shortbow of Capital Punishment {speed, rF+ Stlth+}
rCold    . . .     Faith    .   (shield currently unavailable)
rNeg     . . .     Spirit   .   w - +2 robe {Archmagi}
rPois    .         Reflect  .   (helmet restricted)
rElec    .         Harm     .   A - scarf {+Inv}
rCorr    .         Rampage  .   (no gloves)
Will     .....     Archmagi +   (boots unavailable)
Stlth    ++++......             (no amulet)
HPRegen  0.16/turn              E - ring of protection from fire
MPRegen  0.20/turn              y - ring of magical power

@: lethally poisoned (-1 -> -26), flying quickly and evasively, quick
A: beak, talons 3, nimble flight
a: Renounce Religion, Evoke Invisibility


You were on level 9 of the Dungeon.
You worshipped Vehumet.
Vehumet was pleased with you.
You visited 2 branches of the dungeon, and saw 10 of its levels.
You also visited: Ossuary.

You collected 569 gold pieces.
You spent 30 gold pieces at shops.

Inventory:

Hand Weapons
 b - a +3 glaive of holy wrath
 C - the +5 shortbow of Capital Punishment (weapon) {speed, rF+ Stlth+}
   (You found it on level 5 of the Dungeon)

   Attacks with this weapon are significantly faster.
   rF:        It protects you from fire.
   Stlth:     It makes you more stealthy.
Missiles
 g - 18 poisoned darts
 D - 117 arrows (quivered ammo)
 L - 5 boomerangs of dispersal
Armour
 a - a +0 robe
 i - a +0 cloak
 j - +1 steam dragon scales
 r - the +0 chain mail of the Bells {Harm}
   (You found it on level 7 of the Dungeon)

   Harm:      It increases damage dealt and taken.
 v - a +0 kite shield
 w - a +2 robe of the Archmagi (worn)
 A - a scarf of invisibility (worn)
 B - a +0 robe of fire resistance
 J - a scarf of repulsion
 M - a +2 leather armour of cold resistance
Jewellery
 h - a ring of flight
 y - a ring of magical power (right hand)
 E - a ring of protection from fire (left hand)
 G - a +4 ring of evasion
 O - a +4 ring of protection
Wands
 x - a wand of flame (26)
 F - a wand of iceblast (23)
 H - a wand of paralysis (4)
 I - a wand of charming (10)
 P - a wand of mindburst (12)
Scrolls
 c - 3 scrolls of fog
 n - a scroll of blinking
 o - a scroll of amnesia
 t - a scroll of noise
 u - a scroll of magic mapping
 z - a scroll of enchant armour
 K - 3 scrolls of fear
 N - a scroll of identify
Potions
 d - 2 potions of cancellation {unknown}
 e - a potion of magic {unknown}
 f - 7 potions of curing
 k - 2 potions of flight
 l - 5 potions of lignification
 m - 2 potions of brilliance
 p - 3 potions of mutation
 q - 2 potions of heal wounds
 s - a potion of degeneration


   Skills:
 - Level 2.1 Dodging
 - Level 4.0 Stealth
 + Level 5.2 Spellcasting
 + Level 5.2 Conjurations
 - Level 16.1 Air Magic
 - Level 4.0 Evocations


You had 6 spell levels left.
You knew the following spells:

 Your Spells              Type           Power      Damage    Failure   Level
a - Shock                 Conj/Air       100%       1d9       1%          1
b - Airstrike             Air            38%        N/A       1%          4
c - Mephitic Cloud        Conj/Pois/Air  45%        N/A       1%          3
d - Poisonous Vapours     Pois/Air       100%       N/A       1%          2
e - Swiftness             Air            76%        N/A       1%          3

Your spell library contained the following spells:

 Spells                   Type           Power      Damage    Failure   Level
 Foxfire                  Conj/Fire      84%        2x1d8     4%          1
 Magic Dart               Conj           100%       1d8       1%          1
 Static Discharge         Conj/Air       59%        N/A       1%          2
 Sandblast                Erth           14%        2d6       13%         1
 Sting                    Tmut/Pois      28%        1d4       13%         1
 Call Imp                 Summ           7%         N/A       21%         2
 Ensorcelled Hibernation  Hex/Ice        14%        N/A       21%         2
 Passwall                 Tmut/Erth      5%         N/A       21%         2
 Sublimation of Blood     Necr           3%         N/A       21%         2
 Wereblood                Tmut           7%         N/A       21%         2
 Portal Projectile        Hex/Tloc       14%        N/A       36%         3
 Olgreb's Toxic Radiance  Pois           7%         N/A       78%         4
 Blade Hands              Tmut           3%         N/A       98%         5
 Excruciating Wounds      Necr           3%         N/A       98%         5
 Lee's Rapid Deconstruct  Erth           3%         3d6*      98%         5
 Summon Forest            Summ/Tloc      3%         N/A       98%         5
 Summon Mana Viper        Hex/Summ       7%         N/A       98%         5
 Shadow Creatures         Summ           N/A        N/A       100%        6
 Summon Hydra             Summ           3%         N/A       100%        7


Dungeon Overview and Level Annotations

Branches:
Dungeon (9/15)             Temple (1/1) D:6            Lair (0/6) D:8
Ossuary (visited)
    Orc: D:9-12

Altars:
Ashenzari
Cheibriados
Dithmenos
Elyvilon
Fedhas
Gozag
Hepliaklqana
Makhleb
Nemelex Xobeh
Okawaru
Qazlal
Ru
Sif Muna
Trog
Uskayaw
Vehumet
Wu Jian
Xom
Yredelemnul
Zin
The Shining One
Beogh

Shops:
D:2 =[[![


Innate Abilities, Weirdness & Mutations

You have a beak for a mouth.
You have claws for feet.
Your magical nature lets you fly swiftly and evasively.


Message History

Okay, then.
Casting: Mephitic Cloud (safe; 1% risk of failure)
Confirm with . or Enter, or press ? or * to list all spells.
Aiming: Airstrike (safe; 1% risk of failure)
Press: ? - help, Dir - move target, f - meliai
Aim: a meliai, wielding a +0 war axe and wearing a +0 leather armour You feel a surge of power!
The air twists around and strikes the meliai!
The meliai is moderately wounded.
The meliai calls down the wrath of its god upon you.
Something smites you! The meliai hits you with a +0 war axe.
The meliai stings you but does no damage.
The meliai invokes the aid of its god against you.
Something smites you! The meliai hits you with a +0 war axe!
The meliai misses you.
Casting: Airstrike (safe; 1% risk of failure)
Confirm with . or Enter, or press ? or * to list all spells.
Aiming: Airstrike (safe; 1% risk of failure)
Press: ? - help, Dir - move target, f/p - meliai
Aim: a meliai, wielding a +0 war axe and wearing a +0 leather armour (moderately wounded)
You feel a surge of power!
The air twists around and strikes the meliai!
The meliai is almost dead.
The meliai closely misses you. The meliai misses you.
The meliai calls down the wrath of its god upon you.
Something smites you!
* * * LOW HITPOINT WARNING * * *
The meliai barely misses you.
The meliai stings you but does no damage.
You feel much better. The meliai completely misses you. The meliai stings you.
You are poisoned.
The meliai poisons you! The meliai closely misses you.
The meliai barely misses you. The meliai closely misses you. x2
The meliai barely misses you. The meliai closely misses you.
The meliai hits you with a +0 war axe!
* * * LOW HITPOINT WARNING * * *
The meliai barely misses you. The meliai hits you with a +0 hand axe.
* * * LOW HITPOINT WARNING * * *
The meliai stings you!
You die...

*,,,...................#
#....#
*,,,...................#
#....#
*,,,...................#
#....#
*,,,...................#
#....#
*,,,...................#
#....#
*,,,...................#
#....#
*,,,.####....#'#########
#..... *,,,,*
#....'.........# #.....
*,,,,* #....#.y@y.....#
#..... *,,,,*
#....#>.y......# #....#
,,,,,* #....###'###..##
#..... ,*****
#####.,....**## ##+##.
,* *>.....# #..... ,*
*......# #...+. ,*
#......# #..... ,*
#....$.# ###### **
########


You could see 3 meliai.

Vanquished Creatures
  A kobold demonologist (D:9)
  Sigmund (D:4)
  5 yaks
  A steam dragon (D:7)
  Menkaure (D:7)
  3 wargs
  Duvessa (D:4)
  A water moccasin (D:8)
  5 orc warriors
  A hornet zombie (D:6)
  2 ice beasts (D:5)
  3 ogres
  3 centaurs
  An elf zombie (Ossuary)
  2 bullfrogs
  A wyvern zombie (D:8)
  Dowan (D:4)
  A wyvern skeleton (D:7)
  A water moccasin skeleton (D:6)
  6 killer bees (D:9)
  8 wights
  An electric eel (D:8)
  A howler monkey (D:7)
  4 centaur zombies
  2 jellies (D:6)
  6 orc priests
  2 gnoll shamans
  A bullfrog skeleton (D:5)
  An iguana (D:6)
  A human zombie (Ossuary)
  Natasha (thrice) (D:2)
  2 orc wizards
  A killer bee zombie (D:6)
  2 hound zombies (D:5)
  2 mummies (Ossuary)
  2 howler monkey zombies
  11 gnolls
  A howler monkey skeleton (D:4)
  5 adders
  A shadow imp (D:7)
  A white imp (D:8)
  An ufetubus (D:6)
  An adder zombie (Ossuary)
  A worm (D:8)
  2 dart slugs
  44 orcs
  6 ball pythons
  10 endoplasms
  4 giant cockroaches
  4 goblins
  6 hobgoblins
  2 jackals (D:1)
  5 quokkas
  A bat (D:2)
  3 frilled lizards
  10 hobgoblin zombies (Ossuary)
  2 jackal zombies (Ossuary)
  9 kobolds
  14 kobold zombies (Ossuary)
  5 orc zombies (Ossuary)
  4 rats
  2 rat zombies (Ossuary)
235 creatures vanquished.

Vanquished Creatures (others)
  9 plants
9 creatures vanquished.

Grand Total: 244 creatures vanquished

Notes
Turn   | Place    | Note
-------+----------+-------------------------------------------
     0 | D:1      | quinnr the Tengu Air Elementalist began the quest for the
                  | Orb.
     0 | D:1      | Reached XP level 1. HP: 10/10 MP: 4/4
   296 | D:1      | Reached XP level 2. HP: 13/15 MP: 4/6
   447 | D:1      | Reached skill level 5 in Air Magic
   953 | D:1      | Reached XP level 3. HP: 19/19 MP: 0/7
  1187 | D:2      | Found Teses's Jewellery Shop.
  1196 | D:2      | quinnr: rampage??
  1196 | D:2      | beem: Boot ego that causes the user to automatically take
                  | an extra step (with no time cost) when they walk towards an
                  | enemy. Can also appear on randart armour in other slots.
                  | Does not stack with {Wu Jian} martial moves. Added in 0.26.
  1281 | D:2      | Found Wegeopel's Distillery.
  1289 | D:2      | Bought a potion of curing for 30 gold pieces
  1456 | D:2      | Found Sahaepoh's Armour Emporium.
  1493 | D:2      | Found Qauhedyo's Antique Armour Emporium.
  1494 | D:2      | Found Tiatset's Antique Armour Boutique.
  1540 | D:2      | Reached skill level 6 in Air Magic
  1643 | D:2      | Noticed Natasha
  1647 | D:2      | Killed Natasha
  1648 | D:2      | Reached XP level 4. HP: 19/24 MP: 3/8
  1713 | D:2      | Learned a level 4 spell: Airstrike
  1954 | D:2      | Noticed Natasha
  1958 | D:2      | Killed Natasha
  2174 | D:2      | Found Teses's Jewellery Shop.
  2312 | D:2      | Found Sahaepoh's Armour Emporium.
  2313 | D:2      | Found Qauhedyo's Antique Armour Emporium.
  2314 | D:2      | Found Tiatset's Antique Armour Boutique.
  2451 | D:2      | Noticed Natasha
  2453 | D:2      | Killed Natasha
  2454 | D:2      | Reached skill level 7 in Air Magic
  2454 | D:2      | Gained mutation: Your magical nature lets you fly swiftly
                  | and evasively. [Tengu growth]
  2454 | D:2      | Reached XP level 5. HP: 28/28 MP: 0/9
  3606 | D:4      | Noticed an ogre
  3614 | D:4      | Killed an ogre
  3615 | D:4      | Reached skill level 8 in Air Magic
  3615 | D:4      | Reached XP level 6. HP: 32/32 MP: 0/10
  3687 | D:4      | Found a sand-covered staircase.
  3742 | Ossuary  | Entered an ossuary
  4017 | Ossuary  | Reached skill level 9 in Air Magic
  4379 | Ossuary  | Reached XP level 7. HP: 23/36 MP: 2/11
  4544 | D:4      | Noticed Sigmund
  4549 | D:4      | Killed Sigmund
  4550 | D:4      | Reached skill level 10 in Air Magic
  4553 | D:5      | Entered Level 5 of the Dungeon
  4638 | D:4      | You are sucked into a shaft and drop 3 floors!
  4644 | D:7      | Reached skill level 11 in Air Magic
  4767 | D:7      | Identified the +0 chain mail of the Bells {Harm}
  4771 | D:6      | Found a staircase to the Ecumenical Temple.
  4779 | Temple   | Entered the Ecumenical Temple
  5343 | D:7      | Noticed a steam dragon
  5353 | D:7      | Killed a steam dragon
  5354 | D:7      | Reached XP level 8. HP: 15/41 MP: 2/12
  5496 | D:7      | Reached skill level 12 in Air Magic
  5628 | D:7      | Noticed Menkaure
  5638 | D:7      | Killed Menkaure
  5856 | D:7      | Found an iron altar of Okawaru.
  6143 | D:6      | Reached skill level 13 in Air Magic
  6436 | D:4      | Found a bloodstained altar of Trog.
  6436 | D:4      | Noticed Duvessa
  6446 | D:4      | Killed Duvessa
  6571 | D:4      | Found a shimmering blue altar of Sif Muna.
  6571 | D:4      | Noticed Dowan
  6580 | D:4      | Killed Dowan
  6631 | D:4      | Got Sif Muna's Tome of Cold
  7039 | D:4      | Found a basalt altar of Yredelemnul.
  7504 | D:5      | Identified the +5 shortbow of Capital Punishment {speed,
                  | rF+ Stlth+}
  7714 | D:5      | Reached skill level 1 in Evocations
  7790 | D:5      | Reached XP level 9. HP: 45/45 MP: 13/14
  8157 | D:5      | Found a glowing silver altar of Zin.
  9067 | D:6      | Learned a level 3 spell: Mephitic Cloud
  9211 | D:6      | Reached skill level 14 in Air Magic
 10578 | D:8      | Found a staircase to the Lair.
 10625 | D:7      | Found a radiant altar of Vehumet.
 10633 | D:7      | Became a worshipper of Vehumet
 10653 | D:8      | Found a snail-covered altar of Cheibriados.
 11240 | D:7      | Reached skill level 15 in Air Magic
 11457 | D:8      | Reached XP level 10. HP: 50/50 MP: 3/17
 12087 | D:8      | Reached skill level 16 in Air Magic
 12231 | D:8      | Found a burning altar of Makhleb.
 12232 | D:8      | Found an opulent altar of Gozag.
 12232 | D:8      | Found a hide-covered altar of Uskayaw.
 12233 | D:8      | Found a shimmering altar of Xom.
 12234 | D:8      | Found a hazy altar of Hepliaklqana.
 12241 | D:8      | Learned a level 2 spell: Poisonous Vapours
 12245 | D:8      | Learned a level 3 spell: Swiftness
 12297 | D:8      | Reached * piety under Vehumet
 12297 | D:8      | Offered knowledge of Freeze by Vehumet.
 13523 | D:9      | Noticed a kobold demonologist
 13527 | D:9      | Killed a kobold demonologist
 13646 | D:9      | Reached skill level 5 in Spellcasting
 13883 | D:9      | Reached ** piety under Vehumet
 13887 | D:9      | Offered knowledge of Foxfire by Vehumet.
 14174 | D:9      | Reached skill level 5 in Conjurations
 14408 | D:9      | HP: 1/50 [meliai/divine providence (15)]
 14409 | D:9      | Slain by a meliai

Illustrated notes

Levels and vault maps discovered:
D:1:      lemuel_arrival_river_ford, layout_basic
D:2:      layout_basic, serial_shops, shop, shop, shop, nicolae_shop_trees,
          nicolae_diamond_shop, uniq_natasha
D:3:      layout_basic
D:4:      layout_rooms, nzn_overflow_gifts_of_might_and_magic,
          lemuel_tele_altar, chequers_ossuary_entry_cave, serial_forest,
          infiniplex_forest_lined_room_, infiniplex_forest_lined_1,
          infiniplex_forest_end_double, infiniplex_forest_clump_double,
          infiniplex_forest_clump_large, infiniplex_forest_straight_1,
          infiniplex_forest_clump_tiny, infiniplex_forest_lined_1, minivault_1,
          kennysheep_small_circle, uniq_duvessa, uniq_sigmund
D:5:      layout_loops_corners, kennysheep_mini_moat, serial_bayou_pond_c
D:6:      layout_loops_ring, minmay_temple_entry_from_below_b
D:7:      layout_rooms, nicolae_overflow_hidden_temple,
          okawaru_altar_gauntlet_db, uniq_menkaure
D:8:      cheibrodos_helix_gallery, layout_cave_pods, slow_altar_1,
          grunt_temple_overflow_open, erik_lair_orcish_takeover
D:9:      layout_gridville, amcnicky_altar_gilded, special_room
          [special_room_orc], serial_bayou_pond_a, columned_hall_lemuel
Temple:   jpeg_temple_island

Skill      XL: |  1  2  3  4  5  6  7  8  9 10 |
---------------+-------------------------------+-----
Air Magic      | 5 6 7 8 9 11 13 15 16 | 16.1
Conjurations   | 2 5 |  5.2
Evocations     | 1 4 |  4.0
Stealth        | 4 |  4.0
Spellcasting   | 4 5 |  5.2
Dodging        | |  2.1

Action                   |  1- 3 |  4- 6 |  7- 9 | 10-12 || total
-------------------------+-------+-------+-------+-------++-------
Melee: Kick              |     2 |     7 |     3 |       ||    12
       Unarmed           |     2 |       |       |       ||     2
       Peck              |     1 |    10 |     4 |       ||    15
       Glaive            |       |    67 |    21 |       ||    88
 Cast: Shock             |    65 |    69 |    60 |    21 ||   215
       Airstrike         |       |    12 |   106 |    81 ||   199
       Swiftness         |       |       |       |     1 ||     1
  Use: Scroll            |       |     4 |     2 |     9 ||    15
       Potion            |       |       |     1 |     3 ||     4
Armor: Robe              |     1 |    18 |    12 |     6 ||    37
       Steam dragon scal |       |       |     6 |       ||     6
Dodge: Dodged            |     6 |    46 |    44 |    37 ||   133

Table legend: (Time is in decaauts)
 A = Elapsed time spent in this place.
 B = Non-inter-level travel time spent in this place.
 C = Inter-level travel time spent in this place.
 D = Time resting spent in this place.
 E = Time spent auto-exploring this place.
 F = Levels seen in this place.
 G = Mean time per level.
                   A        B        C        D        E       F      G
               +--------+--------+--------+--------+--------+-----+--------+
         Total |  13946 |  13391 |    555 |   2965 |   8928 |  11 | 1267.8 |
       Dungeon |  12747 |  12222 |    525 |   2865 |   8079 |   9 | 1416.3 |
        Temple |    378 |    349 |     29 |      0 |    347 |   1 |  378.0 |
       Ossuary |    821 |    821 |      0 |    100 |    502 |   1 |  821.0 |
               +--------+--------+--------+--------+--------+-----+--------+

Top non-repeatable levels by time:
     D:7: 2370 daAuts
     D:2: 1769 daAuts
     D:8: 1700 daAuts
     D:9: 1439 daAuts
     D:5: 1399 daAuts
     D:1: 1226 daAuts
     D:6: 1194 daAuts
     D:4: 893 daAuts
 Ossuary: 821 daAuts
     D:3: 752 daAuts
  Temple: 378 daAuts
